 Dungeon Crawl Stone Soup version 0.31-a0-219-g8d62b2e7bb (webtiles) character file.

Game seed: 11014059122824804325

586 porpoise the Sneak (level 7, -1/47 HPs)
             Began as a Merfolk Enchanter on July 4, 2023.
             Slain by an ice beast (7 damage)
             ... on level 1 of the Abyss.
             The game lasted 00:14:02 (4544 turns).

porpoise the Sneak (Merfolk Enchanter)              Turns: 4544, Time: 00:14:03

Health: -1/47      AC:  4    Str:  8    XL:     7   Next: 37%
Magic:  11/11      EV: 17    Int: 16    God:
Gold:   140        SH:  0    Dex: 15    Spells: 10/12 levels left

rFire   . . .        a - +1 dagger
rCold   . . .        (no shield)
rNeg    . . .        b - +0 robe
rPois   .            m - +0 helmet
rElec   .            (no cloak)
rCorr   .            l - +0 pair of gloves
SInv    .            (no boots)
Will    .....        (no amulet)
Stlth   +++          d - +5 ring of evasion
HPRegen 0.27/turn    r - ring of flight
MPRegen 0.12/turn

%: no passive effects
@: flying
A: (nimble swimmer 2), mertail
a: no special abilities


You were on level 1 of the Abyss.
You visited 1 branch of the dungeon, and saw 4 of its levels.
You visited the Abyss 1 time.
You also visited: Sewer.

You collected 140 gold pieces.

Inventory:

Hand Weapons
 a - a +1 dagger (weapon)
Missiles
 f - 12 poisoned darts (quivered)
 w - 2 throwing nets
Armour
 b - a +0 robe (worn)
 l - a +0 pair of gloves (worn)
 m - a +0 helmet (worn)
 y - a +2 ring mail of willpower
Jewellery
 d - a +5 ring of evasion (left hand)
 r - a ring of flight (right hand)
Wands
 x - a wand of polymorph (3)
Scrolls
 n - 2 scrolls of poison
 o - a scroll of amnesia {unknown}
 p - a scroll of torment {unknown}
 s - a scroll of immolation {unknown}
 t - a scroll of summoning {unknown}
 u - a scroll of blinking {unknown}
 v - a scroll of enchant armour {unknown}
 z - a scroll of enchant weapon {unknown}
Potions
 c - a potion of magic {unknown}
 e - a potion of brilliance
 g - 2 potions of heal wounds {unknown}
 h - a potion of cancellation
 i - 2 potions of berserk rage {unknown}
 k - 3 potions of resistance


   Skills:
 + Level 0.5 Fighting
 + Level 1.5 Short Blades
 - Level 2.6 Dodging
 - Level 7.0 Stealth
 - Level 3.0 Spellcasting
 + Level 3.3 Hexes
 - Level 5.0 Ice Magic


You had 10 spell levels left.
You knew the following spells:

 Your Spells              Type           Power      Damage    Failure   Level
e - Ensorcelled Hibernat  Hex/Ice        30%        N/A       5%          2

Your spell library contained the following spells:

 Spells                   Type           Power      Damage    Failure   Level
 Freeze                   Ice            72%        1d8       2%          1
 Frozen Ramparts          Ice            36%        1d6       7%          3
 Confusing Touch          Hex            13%        N/A       14%         3
 Tukima's Dance           Hex            13%        N/A       14%         3
 Hailstorm                Conj/Ice       10%        3d5       21%         3
 Dazzling Flash           Conj/Hex       14%        N/A       28%         3


Dungeon Overview and Level Annotations

Branches:
Dungeon (4/15)              Sewer (visited)
 Temple: D:4-7

Altars:
Hepliaklqana
Nemelex Xobeh
Sif Muna
The Shining One

Annotations:
D:4 Blork the orc


Innate Abilities, Weirdness & Mutations

((You are very nimble when in or above water. (Stealth+, EV+, Speed+++)))
Your lower body shifts to a powerful aquatic tail in water.


Message History

The ice beast barely misses you.
You closely miss the ice beast.
The ice beast is heavily wounded.
The ice beast completely misses you.
You closely miss the ice beast.
The ice beast is heavily wounded.
The ice beast closely misses you.
You closely miss the ice beast.
The ice beast is heavily wounded.
The ice beast closely misses you.
You hit the ice beast.
The ice beast is heavily wounded.
The ice beast misses you.
You barely miss the ice beast.
The ice beast is heavily wounded.
The ice beast completely misses you.
You hit the ice beast.
The ice beast is heavily wounded.
The ice beast hits you. The ice beast freezes you!
* * * LOW HITPOINT WARNING * * *
You hit the ice beast.
The ice beast is heavily wounded.
The ice beast misses you.
You barely miss the ice beast.
The ice beast is heavily wounded.
You hit the ice beast.
The ice beast is severely wounded.
The ice beast misses you.
You barely miss the ice beast.
The ice beast is severely wounded.
The ice beast barely misses you.
You barely miss the ice beast.
The ice beast is severely wounded.
The ice beast closely misses you.
You hit the ice beast.
The ice beast is severely wounded.
The ice beast hits you.
* * * LOW HITPOINT WARNING * * *
The ice beast freezes you!
You die...

#. . # .##
###. # #.
..# .
#.#.###.. .
........###
# ..#
#....@Y# . .
.#.#####...#
. #. .## ..
# # . . ..
.. . #. ~. .
# # # . ~ .
. . # ..


You could see an ice beast.

Vanquished Creatures
  Sigmund (D:4)
  A phantom (D:4)
  A scorpion (D:4)
  A crimson imp (D:4)
  Ijyb (D:3)
  A hell rat (Sewer)
  3 gnolls (D:4)
  6 adders
  2 river rats (Sewer)
  A white imp (Abyss:1)
  An orc (D:3)
  5 endoplasms
  7 giant cockroaches
  5 goblins
  7 hobgoblins
  2 jackals (D:4)
  3 kobolds
  8 quokkas
  9 ball pythons
  5 bats
  3 frilled lizards (D:1)
  2 goblin skeletons (D:4)
  2 hobgoblin zombies (D:4)
  2 kobold zombies (D:4)
  An orc skeleton (D:4)
  An orc zombie (D:4)
  9 rats
90 creatures vanquished.

Vanquished Creatures (collateral kills)
  A gnoll (D:4)
1 creature vanquished.

Vanquished Creatures (others)
  A scorpion (D:4)
1 creature vanquished.

Grand Total: 92 creatures vanquished

Notes
Turn   | Place    | Note
-------+----------+-------------------------------------------
     0 | D:1      | porpoise the Merfolk Enchanter began the quest for the Orb.
     0 | D:1      | Reached XP level 1. HP: 13/13 MP: 3/3
    98 | D:1      | Reached XP level 2. HP: 17/19 MP: 5/5
   103 | D:1      | Learned a level 2 spell: Ensorcelled Hibernation
   473 | D:2      | Reached skill level 1 in Ice Magic
   483 | D:2      | Reached XP level 3. HP: 21/24 MP: 2/6
   791 | D:2      | Found a faded altar of an unknown god.
  1192 | D:2      | Found a hazy altar of Hepliaklqana.
  1427 | D:3      | Reached skill level 4 in Stealth
  1427 | D:3      | Reached XP level 4. HP: 30/30 MP: 0/8
  1479 | D:3      | Found a glowing drain.
  1588 | Sewer    | Entered a sewer
  2008 | Sewer    | Reached XP level 5. HP: 11/34 MP: 7/9
  2369 | D:3      | Noticed Ijyb
  2554 | D:3      | Killed Ijyb
  2767 | D:3      | Found a shimmering blue altar of Sif Muna.
  3101 | D:3      | Found a sparkling altar of Nemelex Xobeh.
  3628 | D:4      | Found a glowing golden altar of the Shining One.
  3709 | D:4      | Reached XP level 6. HP: 41/41 MP: 10/10
  3727 | D:4      | Noticed Sigmund
  3761 | D:4      | Killed Sigmund
  3762 | D:4      | Reached skill level 5 in Stealth
  3762 | D:4      | Reached skill level 5 in Ice Magic
  4079 | D:4      | Reached skill level 6 in Stealth
  4079 | D:4      | Reached XP level 7. HP: 46/46 MP: 6/11
  4217 | D:4      | Reached skill level 7 in Stealth
  4373 | D:4      | Noticed Blork the orc
  4378 | Abyss:1  | Cast into level 1 of the Abyss (Blork the orc)
  4432 | Abyss:1  | Noticed a small abomination
  4544 | Abyss:1  | Slain by an ice beast

Illustrated notes

Levels and vault maps discovered:
D:1:      sevenhm_arrival_forest_fort_small_3, layout_basic,
          minmay_misc_feat_chi
D:2:      minmay_recursive_quarters, layout_rooms, basic_altar,
          dreamdust_ecumenical_altar_grove
D:3:      layout_basic, nemelex_dance_club_becter,
          nicolae_sif_muna_little_library, portal_sewer_entry_f, uniq_ijyb
D:4:      layout_cave_pods, nicolae_tso_besieged_by_evil, gammafunk_ghost_smash,
          grunt_ministairs_2, uniq_sigmund, uniq_blork_the_orc
Abyss:1:  base:
D:2

Skill      XL: |  1  2  3  4  5  6  7 |
---------------+----------------------+-----
Ice Magic      | 1 2 4 5 |  5.0
Stealth        | 4 6 7 |  7.0
Spellcasting   | 3 |  3.0
Fighting       | |  0.5
Short Blades   | |  1.5
Dodging        | |  2.6
Hexes          | |  3.3

Action                     |  1- 3 |  4- 6 |  7- 9 || total
---------------------------+-------+-------+-------++-------
  Melee: Dagger            |    90 |   201 |    57 ||   348
         Punch             |     1 |     1 |       ||     2
         Unarmed           |       |    29 |       ||    29
  Throw: Dart              |       |     6 |       ||     6
   Cast: Ensorcelled Hiber |    10 |    26 |     6 ||    42
  Evoke: Wand              |       |     1 |     3 ||     4
    Use: Scroll            |     4 |     1 |       ||     5
         Potion            |       |     5 |       ||     5
   Stab: Sleeping          |     9 |    21 |     5 ||    35
         Invisible         |       |     6 |       ||     6
         Distracted        |       |     1 |       ||     1
 Armour: Robe              |    14 |    31 |     4 ||    49
         Skin              |       |    11 |       ||    11
  Dodge: Dodged            |    77 |   192 |    50 ||   319

Table legend: (Time is in decaauts)
 A = Elapsed time spent in this place.
 B = Non-inter-level travel time spent in this place.
 C = Inter-level travel time spent in this place.
 D = Time resting spent in this place.
 E = Time spent auto-exploring this place.
 F = Levels seen in this place.
 G = Mean time per level.
                   A        B        C        D        E       F      G
               +--------+--------+--------+--------+--------+-----+--------+
         Total |   4486 |   4404 |     82 |   1406 |   2126 |   6 |  747.7 |
       Dungeon |   3786 |   3704 |     82 |    929 |   2041 |   4 |  946.5 |
         Abyss |    160 |    160 |      0 |     53 |     61 |   1 |  160.0 |
         Sewer |    539 |    539 |      0 |    424 |     23 |   1 |  539.0 |
               +--------+--------+--------+--------+--------+-----+--------+

Top non-repeatable levels by time:
     D:3: 1640 daAuts
     D:2: 907 daAuts
     D:4: 791 daAuts
   Sewer: 539 daAuts
     D:1: 446 daAuts
 Abyss:1: 160 daAuts
